 Dungeon Crawl Stone Soup version 0.27-a0-592-g0306a34022 (webtiles) character file.

Game seed: 6225081924717044696

9929 sahdkjhfkaj the Blocker (level 11, -6/77 HPs)
             Began as an Octopode Artificer on Mar 11, 2021.
             Was an Initiate of Gozag.
             Mangled by a cane toad (16 damage)
             ... on level 10 of the Dungeon.
             The game lasted 00:15:42 (16399 turns).

sahdkjhfkaj the Blocker (Octopode Artificer)       Turns: 16399, Time: 00:15:42

Health: -6/77      AC:  1    Str: 14    XL:     11   Next: 54%
Magic:  0/11       EV: 14    Int: 20    God:    Gozag
Gold:   1534       SH: 12    Dex: 13    Spells: 6/10 levels left

rFire    . . .     SeeInvis .     - Unarmed
rCold    + . .     Faith    .   B - +0 kite shield
rNeg     . . .     Spirit   +   x - +0 hat {Will+}
rPois    .         Reflect  .   c - amulet of guardian spirit
rElec    .         Harm     .   t - ring of protection from cold
rCorr    .         Rampage  .   s - ring of willpower
Will     ++...                  G - +6 ring of intelligence
Stlth    +++.......             (no ring)
HPRegen  0.22/turn              (no ring)
MPRegen  0.12/turn              (no ring)
                                (no ring)
                                (no ring)

@: no status effects
A: almost no armour, amphibious, 8 rings, camouflage 1, gelatinous body 1,
nimble swimmer 1, tentacles
a: Renounce Religion, Potion Petition, Call Merchant, Bribe Branch


You were on level 10 of the Dungeon.
You worshipped Gozag.
Gozag was most pleased with you.
You visited 3 branches of the dungeon, and saw 12 of its levels.

You collected 1636 gold pieces.
You paid 102 gold pieces to Gozag.

Inventory:

Missiles
 m - 3 atropa-tipped darts
 o - 11 boomerangs
 z - 2 throwing nets
 A - 19 poisoned darts
Armour
 b - a +0 tower shield
 x - a +0 hat of willpower (worn)
 B - a +0 kite shield (worn)
Magical Staves
 n - a staff of earth
 u - a staff of conjuration
 O - a staff of poison
Jewellery
 c - an amulet of guardian spirit (around mantle)
 s - a ring of willpower (right tentacle)
 t - a ring of protection from cold (left tentacle)
 G - a +6 ring of intelligence (on tentacle)
Wands
 d - a wand of digging (5)
 e - a wand of charming (16)
 i - a wand of iceblast (10)
 j - a wand of polymorph (25)
 q - a wand of flame (18)
 r - a wand of random effects (14)
 y - a wand of mindburst (10)
Scrolls
 a - 2 scrolls of enchant weapon
 l - 3 scrolls of amnesia
 v - 2 scrolls of magic mapping {unknown}
 w - a scroll of vulnerability {unknown}
 D - 2 scrolls of blinking
 E - 2 scrolls of fear
 F - a scroll of fog
 K - 2 scrolls of immolation
 M - a scroll of torment
 Z - a scroll of identify {@r1}
Potions
 g - 2 potions of lignification {unknown}
 h - a potion of haste {unknown}
 k - a potion of brilliance {unknown}
 p - a potion of magic {unknown}
 C - a potion of berserk rage {unknown}
 H - a potion of cancellation {unknown}
 I - a potion of invisibility
 J - 2 potions of curing {@q1}
 L - 6 potions of flight
 N - a potion of heal wounds {@q2}
 U - 4 potions of mutation


   Skills:
 - Level 8.0 Fighting
 - Level 5.0 Dodging
 - Level 2.0 Stealth
 + Level 12.3 Shields
 - Level 8.0 Unarmed Combat
 - Level 5.0 Evocations


You had 6 spell levels left.
You knew the following spells:

 Your Spells              Type           Power      Damage    Failure   Level
A - Call Imp              Summ           0%         N/A       38%         2
B - Blink                 Tloc           N/A        N/A       38%         2

Your spell library contained the following spells:

 Spells                   Type           Power      Damage    Failure   Level
 Animate Skeleton         Necr           0%         N/A       26%         1
 Apportation              Tloc           0%         N/A       26%         1
 Corona                   Hex            0%         N/A       26%         1
 Magic Dart               Conj           0%         1d3       26%         1
 Summon Small Mammal      Summ           0%         N/A       26%         1
 Searing Ray              Conj           0%         3d3       38%         2
 Slow                     Hex            0%         N/A       38%         2
 Conjure Flame            Conj/Fire      0%         6-21      63%         3
 Dazzling Flash           Conj/Hex       0%         N/A       63%         3
 Mephitic Cloud           Conj/Pois/Air  0%         N/A       63%         3
 Fulminant Prism          Conj/Hex       0%         3d6       95%         4
 Iskenderun's Mystic Bla  Conj/Tloc      0%         2d3       95%         4


Dungeon Overview and Level Annotations

Branches:
Dungeon (10/15)            Temple (1/1) D:6            Lair (1/6) D:10
    Orc: D:9-12

Altars:
Ashenzari
Cheibriados
Dithmenos
Elyvilon
Fedhas
Gozag
Hepliaklqana
Kikubaaqudgha
Makhleb
Nemelex Xobeh
Okawaru
Qazlal
Ru
Sif Muna
Trog
Uskayaw
Vehumet
Wu Jian
Xom
Yredelemnul
Zin
The Shining One

Shops:
D:5 *   D:7 !

Portals:
Trove: D:10 (give 7 scrolls of blinking)

Annotations:
D:9 2 transporters


Innate Abilities, Weirdness & Mutations

You cannot wear most types of armour.
You are amphibious.
You can wear up to eight rings at the same time.
Your skin changes colour to match your surroundings (Stealth+).
Your rubbery body absorbs attacks. (AC +1, EV +1)
You are stealthy while swimming. (Stealth+)
You have tentacles for arms and can constrict up to eight enemies at once.


Message History

The iceblast engulfs the yak!
You kill the yak!
You hear a loud, deep croak! x2; You hear an angry hiss.
There is a staircase back to the Dungeon, spattered with blood here.
You climb upwards.
Welcome back to the Dungeon!
There is a staircase to the Lair, spattered with blood here.
Magic restored.
Key pressed, stopping explore.
You climb downwards.
Welcome back to the Lair of Beasts!
A water moccasin and a cane toad come into view.
There is a staircase back to the Dungeon, spattered with blood here.
The cane toad stings you!
* * * LOW HITPOINT WARNING * * *
You climb upwards.
Welcome back to the Dungeon!
There is a staircase to the Lair, spattered with blood here.
Unknown command.
You tentacle-slap the cane toad but do no damage.
You grab the cane toad. You constrict the cane toad.
You tentacle-slap the cane toad. You squeeze the cane toad!
The cane toad is moderately wounded.
You constrict the cane toad. The cane toad stings you!!
* * * LOW HITPOINT WARNING * * *
You tentacle-slap the cane toad.
The cane toad is heavily wounded.
You constrict the cane toad. The cane toad stings you.
* * * LOW HITPOINT WARNING * * *
You tentacle-slap the cane toad.
The cane toad is heavily wounded.
You constrict the cane toad.
Aiming: Iceblast
Press: ? - help, Shift-Dir - straight line, f - plant
Aim: a plant The mass of ice explodes!
The iceblast engulfs the plant!!
The plant begins to die.
The plant is lightly damaged.
The iceblast engulfs the cane toad!
The cane toad is almost dead.
You constrict the cane toad. The cane toad stings you!!
You die...
Your body crumbles into a pile of gold.

#.#.# #..........P....##
#.#.####......P.......[.#
#...#......P............#
########..P.............##
#...#...............P....#
#.#.#..#.................#
#.#.####.................#
#.#.####..P....F..P.P..P.#
..#.#.........P.@.......##
###'#...P..P............#
.##.......P.............#
.....................P..#
........#...(.......P.P##
##......#..).[P.P..P...#
###..##....P...P..P...##
...#.>###...P....P..P.#
...........P.....P.P..#


You could see a cane toad.

Vanquished Creatures
  Gastronok (D:8)
  Maurice (D:8)
  Maggie (D:7)
  A komodo dragon (Lair:1)
  The ghost of Egg the Changer, an amateur OpTm of the Shining One (D:4)
  5 yaks
  3 water moccasins
  Duvessa (D:6)
  5 orc warriors
  5 ice beasts
  2 black bears
  A sky beast (D:7)
  5 ogres
  An eye of draining (D:9)
  4 centaurs
  6 phantoms
  A kobold brigand (D:8)
  8 bullfrogs
  A wyvern zombie (D:8)
  A gnoll sergeant (D:8)
  Dowan (D:6)
  3 scorpions
  3 killer bees (D:10)
  14 wights
  9 howler monkeys
  A quasit (D:6)
  2 bullfrog skeletons
  2 jellies (D:5)
  2 bullfrog zombies
  6 orc priests
  3 centaur zombies
  9 hounds
  A centaur skeleton (D:4)
  2 iguanas
  10 worker ants
  Ijyb (D:3)
  Terence (D:2)
  12 orc wizards
  A hound zombie (D:7)
  2 hound skeletons
  8 gnolls
  10 adders
  A shadow imp (D:10)
  3 white imps
  4 ufetubi
  An adder skeleton (D:4)
  3 worms
  2 dart slugs
  4 leopard geckos
  34 orcs
  9 bats
  9 giant cockroaches
  12 goblins
  9 hobgoblins
  13 jackals
  5 quokkas
  A ball python (D:2)
  8 frilled lizards
  3 goblin skeletons (D:6)
  A goblin zombie (D:6)
  4 hobgoblin zombies (D:6)
  A jackal zombie (D:5)
  11 kobolds
  A kobold skeleton (D:6)
  A leopard gecko skeleton (D:6)
  2 orc skeletons (D:6)
  An orc zombie (D:6)
  A quokka zombie (D:9)
  8 rats
309 creatures vanquished.

Vanquished Creatures (collateral kills)
  A rime drake (Lair:1)
  An adder (D:4)
  A worm (D:6)
  A quokka skeleton (D:6)
4 creatures vanquished.

Vanquished Creatures (others)
  2 ogres
  41 fungi
  49 plants
92 creatures vanquished.

Grand Total: 405 creatures vanquished

Notes
Turn   | Place    | Note
-------+----------+-------------------------------------------
     0 | D:1      | sahdkjhfkaj the Octopode Artificer began the quest for the
                  | Orb.
     0 | D:1      | Reached XP level 1. HP: 13/13 MP: 1/1
     0 | D:1      | Noticed a felid
     0 | D:1      | Noticed a vine stalker
     1 | D:1      | Noticed a minotaur
     3 | D:1      | Noticed a draconian
     6 | D:1      | Noticed a gargoyle
     7 | D:1      | Noticed a vampire
     8 | D:1      | Noticed a centaur
     9 | D:1      | Noticed a naga
    11 | D:1      | Noticed a vampire
    13 | D:1      | Noticed a spriggan
    15 | D:1      | Noticed a vine stalker
    15 | D:1      | Noticed an elf
    17 | D:1      | Noticed a ghoul
    17 | D:1      | Noticed a minotaur
    19 | D:1      | Noticed a ghoul
    21 | D:1      | Noticed a gargoyle
   182 | D:1      | Reached skill level 1 in Unarmed Combat
   182 | D:1      | Reached XP level 2. HP: 6/18 MP: 2/2
   763 | D:1      | Reached XP level 3. HP: 18/24 MP: 1/3
  1370 | D:2      | Reached XP level 4. HP: 31/31 MP: 4/4
  1729 | D:2      | Noticed Terence
  1739 | D:2      | Killed Terence
  1838 | D:2      | Reached XP level 5. HP: 36/36 MP: 5/5
  2039 | D:2      | Found a blossoming altar of Fedhas.
  2039 | D:2      | Found a glowing silver altar of Zin.
  2272 | D:3      | Noticed Ijyb
  2279 | D:3      | Killed Ijyb
  2867 | D:3      | Reached XP level 6. HP: 43/43 MP: 6/6
  3193 | D:4      | Reached skill level 5 in Unarmed Combat
  3755 | D:4      | Reached XP level 7. HP: 42/48 MP: 7/7
  3796 | D:4      | HP: 2/48 [ogre/+0 giant club (23)]
  4438 | D:4      | Reached skill level 5 in Fighting
  4690 | D:4      | Found a white marble altar of Elyvilon.
  4759 | D:4      | Found a hazy altar of Hepliaklqana.
  4817 | D:4      | Found a runed translucent door.
  4818 | D:4      | Noticed Egg's ghost (amateur OpTm)
  4836 | D:4      | Found a blossoming altar of Fedhas.
  4988 | D:4      | Killed Egg's ghost
  4989 | D:4      | Reached XP level 8. HP: 23/55 MP: 4/8
  5202 | D:5      | Entered Level 5 of the Dungeon
  5333 | D:5      | Found an iron altar of Okawaru.
  5334 | D:5      | Found a hide-covered altar of Uskayaw.
  6580 | D:5      | Found Tuorhup's General Store.
  6768 | D:5      | Found a shimmering altar of Xom.
  6808 | D:5      | HP: 1/58 [ice beast (5)]
  7190 | D:6      | Found a glowing golden altar of the Shining One.
  7524 | D:6      | Reached XP level 9. HP: 62/64 MP: 9/9
  7617 | D:6      | Found a shimmering blue altar of Sif Muna.
  8016 | D:6      | Noticed Duvessa
  8020 | D:6      | Noticed Dowan
  8030 | D:6      | Killed Dowan
  8057 | D:6      | Killed Duvessa
  8279 | D:6      | Found a staircase to the Ecumenical Temple.
  8315 | Temple   | Entered the Ecumenical Temple
  8643 | Temple   | Became a worshipper of Gozag Ym Sagoz the Greedy
  8694 | D:6      | Reached skill level 5 in Evocations
  8854 | D:6      | Found a sacrificial altar of Ru.
  8961 | D:7      | Reached skill level 1 in Shields
  8979 | D:7      | Reached skill level 2 in Shields
  9137 | D:7      | Reached skill level 3 in Shields
  9445 | D:7      | Reached skill level 4 in Shields
  9547 | D:7      | Noticed Maggie
  9557 | D:7      | Killed Maggie
  9558 | D:7      | Reached skill level 5 in Shields
  9914 | D:7      | Found a sparkling altar of Nemelex Xobeh.
 10150 | D:7      | Found Ygod's Distillery.
 10310 | D:8      | Reached skill level 6 in Shields
 10520 | D:8      | Noticed Maurice
 10534 | D:8      | Killed Maurice
 10535 | D:8      | Reached skill level 5 in Dodging
 10535 | D:8      | Reached XP level 10. HP: 63/72 MP: 8/10
 10698 | D:8      | Noticed Gastronok
 10713 | D:8      | Killed Gastronok
 10714 | D:8      | Reached skill level 8 in Shields
 11212 | D:8      | Reached skill level 9 in Shields
 12680 | D:9      | Found a transporter.
 12697 | D:9      | Reached skill level 10 in Shields
 12870 | D:9      | Noticed a fire giant
 12871 | D:9      | Found a transporter.
 12879 | D:9      | Found a shadowy altar of Dithmenos.
 12916 | D:9      | Reached XP level 11. HP: 67/77 MP: 9/11
 13388 | D:9      | Found an ornate altar of the Wu Jian Council.
 13541 | D:9      | Reached skill level 11 in Shields
 13748 | D:10     | Entered Level 10 of the Dungeon
 14830 | D:10     | Identified the +1 scale mail "Elozaten" {rElec rPois rF+}
 14835 | D:10     | Found a staircase to the Lair.
 15355 | D:10     | Learned a level 2 spell: Blink
 15358 | D:10     | Learned a level 2 spell: Call Imp
 15593 | D:10     | Found a portal to a secret trove of treasure.
 15772 | Lair:1   | Entered Level 1 of the Lair of Beasts
 15778 | Lair:1   | Reached skill level 12 in Shields
 16399 | D:10     | Mangled by a cane toad

Illustrated notes

Levels and vault maps discovered:
D:1:      shiori_arrival_whats_in_store_for_you, layout_rooms
D:2:      layout_basic, amethyst_overflow_temple_binary, uniq_terence
D:3:      layout_basic, uniq_ijyb
D:4:      layout_cave_pods, nicolae_overflow_hidden_temple, kennysheep_mini,
          ebering_ghost_reflecting_pool, minmay_ruined_shrine
D:5:      wander_river, layout_loops_ring, tgw_xom,
          chequers_temple_overflow_statue_of_worship, serial_shops, shop
D:6:      layout_rooms, lemuel_coloured_pillars_altar,
          nicolae_tso_besieged_by_evil, nicolae_sif_muna_condensation,
          minmay_temple_entry_statues_pillars, uniq_duvessa
D:7:      layout_basic, serial_shops, shop, basic_altar, uniq_maggie
D:8:      layout_loops_ring, grunt_potential, uniq_maurice, uniq_gastronok
D:9:      layout_basic, gammafunk_temple_overflow_arena,
          nzn_wu_jian_contemplation
D:10:     layout_rooms, due_lair_maze_entry_diamond,
          nicolae_trove_entry_crossroad, roderic_serpentine_path
Temple:   jpeg_temple_alley_garden
Lair:1:   layout_hall_layers, special_room [special_room_bee], roderic_batcave,
          minmay_lair_oklob_chamber, serial_bayou_shore_a, grunt_megastairs_2

Skill      XL: |  1  2  3  4  5  6  7  8  9 10 11 |
---------------+----------------------------------+-----
Stealth        | 2 |  2.0
Unarmed Combat | 1 2 3 4 5 7 8 |  8.0
Fighting       | 2 3 4 5 7 8 |  8.0
Dodging        | 5 |  5.0
Evocations     | 5 |  5.0
Shields        | 6 10 12 | 12.3

Action                   |  1- 3 |  4- 6 |  7- 9 | 10-12 || total
-------------------------+-------+-------+-------+-------++-------
Melee: Short sword       |    76 |     7 |       |       ||    83
       Constrict         |    17 |    40 |    67 |    83 ||   207
       Club              |     4 |       |       |       ||     4
       Tentacles         |    10 |    28 |    67 |   108 ||   213
       Unarmed           |       |   143 |   348 |   426 ||   917
       Punch             |       |     8 |    25 |    37 ||    70
Evoke: Wand              |       |     7 |    11 |    13 ||    31
  Use: Scroll            |       |     8 |     3 |     3 ||    14
       Potion            |       |     1 |       |     2 ||     3
 Stab: Sleeping          |     4 |     4 |    12 |     3 ||    23
       Distracted        |     1 |       |     1 |     1 ||     3
Armor: Skin              |    12 |    10 |    13 |    10 ||    45
Dodge: Dodged            |    58 |   118 |   180 |   159 ||   515
Block: Tower shield      |       |       |    63 |    91 ||   154
       Kite shield       |       |       |       |   170 ||   170

Table legend: (Time is in decaauts)
 A = Elapsed time spent in this place.
 B = Non-inter-level travel time spent in this place.
 C = Inter-level travel time spent in this place.
 D = Time resting spent in this place.
 E = Time spent auto-exploring this place.
 F = Levels seen in this place.
 G = Mean time per level.
                   A        B        C        D        E       F      G
               +--------+--------+--------+--------+--------+-----+--------+
         Total |  16410 |  15994 |    416 |    400 |  13091 |  12 | 1367.5 |
       Dungeon |  16011 |  15673 |    338 |    400 |  12809 |  10 | 1601.1 |
        Temple |    361 |    283 |     78 |      0 |    282 |   1 |  361.0 |
          Lair |     37 |     37 |      0 |      0 |      0 |   1 |   37.0 |
               +--------+--------+--------+--------+--------+-----+--------+

Top non-repeatable levels by time:
     D:5: 2472 daAuts
     D:8: 2061 daAuts
    D:10: 2012 daAuts
     D:4: 1898 daAuts
     D:7: 1885 daAuts
     D:9: 1536 daAuts
     D:1: 1192 daAuts
     D:2: 1080 daAuts
     D:3: 1024 daAuts
     D:6: 847 daAuts
  Temple: 361 daAuts
  Lair:1: 37 daAuts
